 Dungeon Crawl Stone Soup version 0.20.1-1-g8b1a95d (webtiles) character file.

172 Fisto the Shield-Bearer (level 5, 0/46 HPs)
             Began as a Minotaur Fighter on Nov 15, 2017.
             Slain by an orc warrior
             ... wielding a +0 scimitar
              (16 damage)
             ... on level 3 of the Dungeon.
             The game lasted 00:08:15 (1589 turns).

Fisto the Shield-Bearer (Minotaur Fighter)          Turns: 1589, Time: 00:08:16

Health: 0/46       AC:  8    Str: 22    XL:     5   Next: 27%
Magic:  4/4        EV: 14    Int:  5    God:
Gold:   117        SH: 10    Dex: 14    Spells: 4/4 levels left

rFire    . . .     SeeInvis .   a - +0 flail
rCold    . . .     Gourm    .   c - +0 shield
rNeg     . . .     Faith    .   b - +0 ring mail
rPois    .         Spirit   .   (helmet restricted)
rElec    .         Reflect  .   j - scarf {cloud immunity}
rCorr    .         Harm     .   s - +0 pair of gloves
MR       .....                  B - +0 pair of boots
Stlth    ++........             (no amulet)
Regen    0.2/turn               (no ring)
MPRegen  0.1/turn               (no ring)

@: agile
A: retaliatory headbutt, horns 2
a: no special abilities


You were on level 3 of the Dungeon.
You were hungry.

You visited 1 branch of the dungeon, and saw 3 of its levels.

You collected 117 gold pieces.

Inventory:

Hand Weapons
 a - a +0 flail (weapon)
 i - a +0 spear
 C - a +0 morningstar
Missiles
 t - 51 arrows
 y - 20 sling bullets
 z - 2 tomahawks (quivered)
Armour
 b - a +0 ring mail (worn)
 c - a +0 shield (worn)
 j - a scarf of cloud immunity (worn)
 s - a +0 pair of gloves (worn)
 B - a +0 pair of boots (worn)
Scrolls
 d - a scroll of immolation
 g - 2 scrolls of fog {unknown}
 h - 3 scrolls of remove curse {unknown}
 m - 5 scrolls of identify {unknown}
 n - a scroll of enchant weapon {unknown}
 o - a scroll of blinking {unknown}
 q - 2 scrolls of fear {unknown}
 r - a scroll of recharging {unknown}
 u - 3 scrolls of teleportation {unknown}
 A - a scroll of amnesia {unknown}
Potions
 e - a potion of agility
 l - a potion of curing
 p - 2 potions of mutation {unknown}
 v - a potion of ambrosia {unknown}
 w - a potion of brilliance {unknown}
Comestibles
 f - 5 bread rations
 k - 2 meat rations
 x - 5 chunks of flesh


   Skills:
 + Level 4.1 Fighting
 + Level 4.1 Maces & Flails
 + Level 2.1 Polearms
 + Level 4.2 Armour
 + Level 1.3 Dodging
 + Level 4.6 Shields


You had 4 spell levels left.
You didn't know any spells.

Dungeon Overview and Level Annotations

Branches:
Dungeon (3/15)

Altars:


Innate Abilities, Weirdness & Mutations

You reflexively headbutt those who attack you in melee.
You have a pair of horns on your head.


Message History

As you read the scroll labeled CEONUKIKAR, it crumbles to dust.
The creatures around you are filled with an inner flame!
It was a scroll of immolation.
You block the orc warrior's attack.
Found a stone staircase leading up.
There is a stone staircase leading up here.
You climb upwards.
There is a stone staircase leading down here.
The orc warrior barely misses you.
The orc warrior's inner flame fades away.
There is an escape hatch in the floor here.
The orc warrior barely misses you.
You slide downwards.
The hatch slams shut behind you.
You hear the sound of rushing water.
There is an entrance to a sewer on this level.
Hurry and find it before the portal rusts away!
You hear the slow rusting of a very distant drain.
You are feeling hungry.
It was a potion of agility.
You feel agile all of a sudden.
The orc warrior hits you with a scimitar!
You die...

##.....<# . #. #....#..#
#.#.# #....#..# ......
#....##..# ...[...#
####..#..# ##..# #..#
##.##.######.... #..
#.##.........# ###
#.##...# #..# ####..
#.##.@.###.# ##.....
##.###.o#..[#####....<.
##....#....##.........##
#.#.............##......#
#.......##.....#...######
.....#)[[)##.......###
...###....#..#....##
.(....).........#...
....##......(....####


You could see an orc warrior.

Vanquished Creatures
  2 orc priests (D:3)
  Terence (D:2)
  3 adders (D:2)
  3 dart slugs
  A leopard gecko (D:2)
  10 bats
  4 giant cockroaches
  2 goblins (D:1)
  5 hobgoblins
  4 jackals (D:3)
  2 ball pythons (D:2)
  6 frilled lizards
  3 kobolds
  17 rats
63 creatures vanquished.

Notes
Turn   | Place    | Note
-------+----------+-------------------------------------------
     0 | D:1      | Fisto the Minotaur Fighter began the quest for the Orb.
     0 | D:1      | Reached XP level 1. HP: 19/19 MP: 0/0
   189 | D:1      | Reached XP level 2. HP: 26/27 MP: 1/1
   602 | D:2      | Reached XP level 3. HP: 33/33 MP: 2/2
   826 | D:2      | Noticed Terence
   852 | D:2      | Killed Terence
   852 | D:2      | Reached skill level 1 in Polearms
   852 | D:2      | Reached skill level 1 in Dodging
   852 | D:2      | Reached XP level 4. HP: 38/40 MP: 3/3
  1512 | D:3      | Reached XP level 5. HP: 41/46 MP: 4/4
  1522 | D:3      | Noticed an orc warrior
  1541 | D:3      | HP: 2/46 [orc warrior/scimitar (15)]
  1589 | D:3      | Slain by an orc warrior

Skill      XL: |  1  2  3  4  5 |
---------------+----------------+-----
Maces & Flails | 3 4 |  4.1
Armour         | 4 |  4.2
Fighting       | 4 |  4.1
Shields        | 4 |  4.6
Polearms       | 1 2 |  2.1
Dodging        | 1 |  1.3

Action                   |  1- 3 |  4- 6 || total
-------------------------+-------+-------++-------
Melee: Flail             |    55 |    70 ||   125
       Spear             |    44 |       ||    44
       Headbutt          |     9 |     9 ||    18
  Use: Potion            |     1 |     3 ||     4
       Scroll            |       |     1 ||     1
  Eat: Chunk             |       |     2 ||     2
Armor: Scale mail        |    66 |    22 ||    88
       Ring mail         |       |     2 ||     2
Dodge: Dodged            |    28 |    24 ||    52
Block: Shield            |    45 |    43 ||    88
